 Dungeon Crawl Stone Soup version 0.28.0-55-gcd9437bce4 (webtiles) character file.

Game seed: 5486972056815956895

10344 nerdsy the Protected (level 11, -7/103 HPs)
             Began as a Deep Dwarf Fighter on Jan 1, 2023.
             Mangled by a titanic slime creature (82 damage)
             ... on level 10 of the Dungeon.
             The game lasted 00:42:27 (6957 turns).

nerdsy the Protected (Deep Dwarf Fighter)           Turns: 6957, Time: 00:42:28

Health: -7/103     AC: 11    Str: 23    XL:     11   Next: 34%
Magic:  0/0 (1)    EV: 11    Int: 13    God:
Gold:   1067       SH:  0    Dex: 16    Spells: 10/10 levels left

rFire   . . .      SeeInvis .   J - +5 quarterstaff "Rielavysch" {spect, MP-9 Str+3}
rCold   . . .      Faith    .   (shield currently unavailable)
rNeg    . . .      Spirit   +   D - +0 scale mail "Ronumoz" {Dex+4}
rPois   .          Reflect  .   l - +1 helmet
rElec   .          Harm     +   B - scarf {harm}
rCorr   +          Rampage  .   (no gloves)
Will    +....                   (no boots)
Stlth   +.........              w - amulet of guardian spirit
HPRegen 0.00/turn               L - ring of resist corrosion
MPRegen 0.07/turn               K - +4 ring of slaying

@: no status effects
A: damage resistance, heal wounds, sense surroundings 2, no regeneration
a: Heal Wounds


You were on level 10 of the Dungeon.
You visited 1 branch of the dungeon, and saw 10 of its levels.

You collected 1067 gold pieces.

Inventory:

Hand Weapons
 i - a +3 trident
 s - a +5 battleaxe of freezing
 y - a +4 mace of draining
 A - a +3 quarterstaff of chaos
 I - a +5 flail
 J - the +5 quarterstaff "Rielavysch" (weapon) {spect, MP-9 Str+3}
   (You found it on level 4 of the Dungeon)

   When its wielder attacks, the weapon's spirit leaps out and strikes again.
   The spirit shares a part of any damage it takes with its wielder.
   Str:       It affects your strength (+3).
   MP:        It affects your magic capacity (-9).
Missiles
 b - 378 stones
 f - 5 javelins
 h - 12 poisoned darts
 v - 179 arrows
 C - 12 boomerangs
 E - 59 sling bullets
 G - a curare-tipped dart
Armour
 c - a +0 buckler
 j - an orb of light
 l - a +1 helmet (worn)
 z - a +2 cloak of preservation
 B - a scarf of harm (worn)
 D - the +0 scale mail "Ronumoz" (worn) {Dex+4}
   (You found it on level 10 of the Dungeon)

   Dex:       It affects your dexterity (+4).
 P - a +0 plate armour
 R - a scarf of resistance
Magical Staves
 O - a staff of air
Jewellery
 w - an amulet of guardian spirit (around neck)
 K - a +4 ring of slaying (right hand)
 L - a ring of resist corrosion (left hand)
 N - a ring of protection from fire
 Q - a ring of willpower
Wands
 a - a wand of flame (5)
 o - a wand of acid (3)
 t - a wand of iceblast (14)
 H - a wand of digging (5)
 M - a wand of charming (5)
Scrolls
 k - 2 scrolls of noise
 q - 4 scrolls of amnesia
 u - a scroll of vulnerability
 x - a scroll of teleportation
Potions
 d - a potion of might
 e - 2 potions of lignification {unknown}
 g - 5 potions of curing
 m - a potion of brilliance {unknown}
 n - a potion of magic {unknown}
 p - 3 potions of attraction {unknown}
 r - 3 potions of heal wounds
 F - a potion of degeneration {unknown}


   Skills:
 + Level 8.1 Fighting
 + Level 3.3(6.5) Axes
 + Level 7.0(9.2) Maces & Flails
 + Level 3.1(6.2) Polearms
 + Level 7.7(9.1) Staves
 + Level 11.3 Armour
 + Level 2.8 Dodging
 + Level 2.2 Stealth
 + Level 3.7 Shields


You had 10 spell levels left.
You didn't know any spells.
Your spell library contained the following spells:

 Spells                   Type           Power      Damage    Failure   Level
 Animate Skeleton         Necr           0%         N/A       54%         1
 Apportation              Tloc           0%         N/A       54%         1
 Slow                     Hex            0%         N/A       54%         1
 Summon Small Mammal      Summ           0%         N/A       54%         1
 Sublimation of Blood     Necr           0%         N/A       67%         2
 Wereblood                Tmut           0%         N/A       67%         2
 Confusing Touch          Hex            0%         N/A       88%         3
 Vampiric Draining        Necr           0%         2d6       88%         3
 Summon Hydra             Summ           0%         N/A       100%        7


Dungeon Overview and Level Annotations

Branches:
Dungeon (10/15)            Temple (0/1) D:7            Lair (0/6) D:10
    Orc: D:9-12

Altars:
Ashenzari
Hepliaklqana
Makhleb
Nemelex Xobeh
Trog
Wu Jian

Shops:
D:9 *

Annotations:
D:10 1 transporter


Innate Abilities, Weirdness & Mutations

You are resistant to damage.
You can heal yourself by infusing magical energy.
You passively map the area around you.
You do not regenerate.


Message History

The slime creature quivers.
You sock the slime creature!
The slime creature is moderately wounded.
The slime creature hits you but does no damage.
A slime creature comes into view.
You barely miss the slime creature.
The slime creature is moderately wounded.
The slime creature quivers.
Two slime creatures merge to form a large slime creature.
You sock the slime creature!
The slime creature is heavily wounded.
The slime creature hits you!
You thump the slime creature!
The slime creature is severely wounded.
The slime creature barely misses you.
Two slime creatures merge to form a large slime creature.
A slime creature comes into view.
You barely miss the large slime creature.
The large slime creature is moderately wounded.
The slime creature quivers.
You thump the large slime creature!
The large slime creature is heavily wounded.
Two slime creatures merge to form an enormous slime creature.
You thump the enormous slime creature!
The enormous slime creature is moderately wounded.
You barely miss the enormous slime creature.
The enormous slime creature is moderately wounded.
Two slime creatures merge to form a titanic slime creature.
You hit the titanic slime creature.
The titanic slime creature is moderately wounded.
You barely miss the titanic slime creature.
The titanic slime creature is moderately wounded.
You hit the titanic slime creature.
The titanic slime creature is moderately wounded.
The titanic slime creature hits you!
You hit the titanic slime creature but do no damage.
The titanic slime creature is moderately wounded.
The titanic slime creature hits you!!!
Ouch! That really hurt!
You die...

, ,, #..... , , , , ,
##+#** ,* #.# , , ..## + ,
#.# * * ,,..!., #.#, .....
#.# ..... , , #.#..,
......,, ,
#.#....######...... , ,
#.#.....J@.........
#.#########'########### ,
#.....................#,,,
#.............>.......###
#........)..............#,
##.......................#
#........................##
##.........................
#...............########..


You could see a titanic slime creature.

Vanquished Creatures
  A centaur warrior (D:8)
  A two-headed ogre (D:8)
  3 death yaks (D:10)
  The ghost of macfelon the Thaumaturge, a novice DECj of Cheibriados (D:8)
  2 manticores
  A cyclops (D:8)
  A komodo dragon (D:8)
  A troll (D:10)
  Prince Ribbit (D:7)
  A wraith (D:10)
  A shadow (D:9)
  A wyvern (D:10)
  Sigmund (D:3)
  6 yaks (D:9)
  Eustachio (D:4)
  A steam dragon (D:8)
  An acid dragon (D:10)
  3 orc warriors
  2 ice beasts
  A sky beast (D:5)
  A black bear (D:7)
  An ogre (D:6)
  4 centaurs
  A necrophage (D:4)
  2 kobold brigands
  4 bullfrogs
  A scorpion (D:6)
  A gnoll sergeant (D:5)
  A water moccasin zombie (D:7)
  5 killer bees (D:8)
  9 wights
  2 howler monkeys
  3 centaur zombies (D:9)
  3 bullfrog zombies
  2 jellies
  7 orc priests
  2 hounds (D:6)
  Crazy Yiuf (D:3)
  A scorpion zombie (D:5)
  3 orc wizards
  A hell rat (D:10)
  A hound skeleton (D:5)
  A howler monkey zombie (D:7)
  13 gnolls
  11 adders
  A river rat (D:10)
  2 white imps
  2 ufetubi
  An adder zombie (D:5)
  20 orcs
  3 bats
  4 endoplasms
  3 giant cockroaches
  5 goblins
  11 hobgoblins
  4 quokkas
  9 ball pythons
  8 frilled lizards
  8 kobolds
  6 rats
199 creatures vanquished.

Notes
Turn   | Place    | Note
-------+----------+-------------------------------------------
     0 | D:1      | nerdsy the Deep Dwarf Fighter began the quest for the Orb.
     0 | D:1      | Reached XP level 1. HP: 20/20 MP: 1/1
   109 | D:1      | Reached XP level 2. HP: 18/27 MP: 2/2
   285 | D:1      | Reached XP level 3. HP: 20/33 MP: 3/3
   671 | D:2      | Reached skill level 4 in Armour
   882 | D:2      | Reached XP level 4. HP: 39/42 MP: 4/4
  1206 | D:2      | Found a faded altar of an unknown god.
  1508 | D:3      | Reached skill level 1 in Stealth
  1531 | D:3      | Reached skill level 1 in Polearms
  1535 | D:3      | Found a broken altar of Ashenzari.
  1551 | D:3      | Reached XP level 5. HP: 38/49 MP: 5/5
  1557 | D:3      | Found a burning altar of Makhleb.
  1561 | D:3      | Found a bloodstained altar of Trog.
  1717 | D:3      | Found a runed translucent door.
  1718 | D:3      | Noticed Crazy Yiuf
  1808 | D:3      | Noticed Sigmund
  1830 | D:3      | Killed Sigmund
  1831 | D:3      | Reached skill level 5 in Armour
  1831 | D:3      | Reached XP level 6. HP: 36/56 MP: 0/6
  1892 | D:3      | Killed Crazy Yiuf
  2104 | D:4      | Noticed Eustachio
  2148 | D:4      | Killed Eustachio
  2149 | D:4      | Reached skill level 1 in Dodging
  2149 | D:4      | Reached XP level 7. HP: 50/63 MP: 0/6
  2162 | D:4      | Found an ornate altar of the Wu Jian Council.
  2298 | D:4      | Reached skill level 6 in Armour
  2432 | D:4      | Identified the +5 quarterstaff "Rielavysch" {spect, MP-9
                  | Str+3}
  2691 | D:5      | Entered Level 5 of the Dungeon
  2924 | D:5      | Reached XP level 8. HP: 66/73 MP: 0/6
  3270 | D:5      | Found a sparkling altar of Nemelex Xobeh.
  3357 | D:5      | Reached skill level 7 in Armour
  3661 | D:6      | Noticed a manticore
  3674 | D:6      | Killed a manticore
  3675 | D:6      | Reached skill level 5 in Fighting
  3675 | D:6      | Reached skill level 5 in Maces & Flails
  3905 | D:6      | Gained mutation: You passively map the area around you.
                  | [Deep Dwarf growth]
  3905 | D:6      | Reached XP level 9. HP: 73/82 MP: 0/6
  3912 | D:6      | Identified a scroll of acquirement
  3915 | D:6      | Acquired 487 gold pieces
  4265 | D:7      | Noticed Prince Ribbit
  4283 | D:7      | Killed Prince Ribbit
  4284 | D:7      | Reached skill level 1 in Staves
  4286 | D:7      | Reached skill level 8 in Armour
  4364 | D:7      | Found a staircase to the Ecumenical Temple.
  4705 | D:8      | Noticed a two-headed ogre
  4711 | D:8      | Killed a two-headed ogre
  4754 | D:8      | Noticed a centaur warrior
  4755 | D:8      | Noticed macfelon's ghost (novice DECj)
  4757 | D:8      | Found a transporter.
  4757 | D:8      | Noticed a manticore
  4762 | D:8      | Found a transporter.
  4893 | D:8      | Noticed a komodo dragon
  4899 | D:8      | Killed a komodo dragon
  4900 | D:8      | Reached skill level 9 in Armour
  4953 | D:8      | Reached XP level 10. HP: 69/90 MP: 0/5
  4961 | D:8      | Noticed a cyclops
  4972 | D:8      | Killed a cyclops
  5273 | D:8      | Killed a centaur warrior
  5274 | D:8      | Reached skill level 5 in Staves
  5279 | D:8      | Killed macfelon's ghost
  5286 | D:8      | Killed a manticore
  5291 | D:8      | Reached skill level 10 in Armour
  5570 | D:9      | Found a faded altar of an unknown god.
  5570 | D:9      | Found a faded altar of an unknown god.
  5570 | D:9      | Found a hazy altar of Hepliaklqana.
  5570 | D:9      | Found a faded altar of an unknown god.
  5666 | D:9      | Reached XP level 11. HP: 82/100 MP: 0/4
  6133 | D:9      | Found Puiq's Mayhem Merchandise.
  6472 | D:10     | Entered Level 10 of the Dungeon
  6546 | D:10     | Noticed a death yak
  6550 | D:10     | Noticed a death yak
  6551 | D:10     | Noticed a death yak
  6556 | D:10     | Killed a death yak
  6557 | D:10     | Reached skill level 11 in Armour
  6580 | D:10     | Killed a death yak
  6586 | D:10     | Killed a death yak
  6603 | D:10     | Found a staircase to the Lair.
  6706 | D:10     | Found a transporter.
  6707 | D:10     | Noticed a brown ugly thing
  6708 | D:10     | Noticed a brown ugly thing
  6708 | D:10     | Noticed an alligator
  6709 | D:10     | Noticed a great orb of eyes
  6709 | D:10     | an alligator changed into a great orb of eyes
  6736 | D:10     | Identified the +0 scale mail "Ronumoz" {Dex+4}
  6957 | D:10     | Mangled by a titanic slime creature

Illustrated notes

Levels and vault maps discovered:
D:1:      saegor_arrival_simple_e, layout_rooms
D:2:      layout_basic, shapermc_ecumenical_altar_totnotflames, minmay_ruptured
D:3:      layout_rooms, chequers_temple_overflow_statue_of_worship,
          evilmike_ruin_ashenzari, uniq_crazy_yiuf_cottage, uniq_sigmund
D:4:      layout_loops_ring, mainiacjoe_overflow_tiny_flanked, uniq_eustachio
D:5:      layout_basic, mainiacjoe_overflow_brackets
D:6:      layout_loops_ring, st_stairs_4
D:7:      layout_rooms, minmay_temple_entry_from_below_a, uniq_prince_ribbit1
D:8:      kennysheep_big_flooded_room, layout_loops_cross, gammafunk_ghost_arena
D:9:      layout_long_grid, nicolae_hepliaklqana_ecumenical_no_more,
          hangedman_abyss_or_decor_stagger, minmay_shop_mayhem
D:10:     gammafunk_corrupted_shrine, layout_irregular_city, dpeg_lair_monsters,
          kennysheep_generic_room_14

Skill      XL: |  1  2  3  4  5  6  7  8  9 10 11 |
---------------+----------------------------------+-----
Fighting       | 3 4 5 6 7 8 |  8.1
Armour         | 4 5 6 7 9 10 11 | 11.3
Axes           | 3 |  3.3
Stealth        | 1 2 |  2.2
Polearms       | 1 2 3 |  3.1
Maces & Flails | 2 4 6 7 |  7.0
Dodging        | 1 2 |  2.8
Staves         | 4 6 7 |  7.7
Shields        | |  3.7

Action                   |  1- 3 |  4- 6 |  7- 9 | 10-12 || total
-------------------------+-------+-------+-------+-------++-------
Melee: War axe           |    49 |       |       |       ||    49
       Spear             |    36 |    87 |       |       ||   123
       Mace              |       |    51 |   164 |       ||   215
       Quarterstaff      |       |       |    69 |   150 ||   219
 Abil: Heal Wounds       |     1 |     5 |    17 |    24 ||    47
  Use: Scroll            |       |       |    12 |     5 ||    17
Armor: Scale mail        |    13 |       |       |     3 ||    16
       Chain mail        |    55 |   113 |   161 |       ||   329
       Plate armour      |       |       |   103 |   177 ||   280
Dodge: Dodged            |    34 |    95 |   167 |   113 ||   409
Block: Buckler           |    10 |       |       |       ||    10
